 Dungeon Crawl Stone Soup version 0.21.1 (webtiles) character file.

403 shakethe the Cudgeler (level 6, -7/59 HPs)
             Began as a Troll Fighter on Feb 5, 2018.
             Mangled by an ogre
             ... wielding a +0 giant club
              (24 damage)
             ... on level 3 of the Dungeon.
             The game lasted 00:09:08 (2962 turns).

shakethe the Cudgeler (Troll Fighter)               Turns: 2962, Time: 00:09:09

Health: -7/59      AC:  5    Str: 25    XL:     6   Next: 55%
Magic:  5/5        EV: 10    Int:  4    God:
Gold:   52         SH:  0    Dex: 11    Spells: 5/5 levels left

rFire    + . .     SeeInvis .   s - +0 morningstar
rCold    . . .     Gourm    +   (no shield)
rNeg     . . .     Faith    .   b - +0 robe
rPois    .         Spirit   .   (helmet restricted)
rElec    .         Reflect  .   (no cloak)
rCorr    .         Harm     .   (gloves unavailable)
MR       .....                  (boots unavailable)
Stlth    +.........             (no amulet)
HPRegen  0.59/turn              e - ring of protection from fire
MPRegen  0.09/turn              (no ring)

@: no status effects
A: large, unfitting armour, claws 3, fast metabolism 3, gourmand, regeneration
1, shaggy fur 1, tough skin 2
a: no special abilities


You were on level 3 of the Dungeon.
You were very full.

You visited 1 branch of the dungeon, and saw 3 of its levels.

You collected 52 gold pieces.

Inventory:

Hand Weapons
 a - a +0 flail
 d - a cursed -1 halberd
 s - a +0 morningstar (weapon)
 v - a +0 halberd of pain
Missiles
 u - 4 tomahawks of returning (quivered)
Armour
 b - a +0 robe (worn)
 c - a +0 shield
Jewellery
 e - a ring of protection from fire (left claw)
 r - a +3 ring of intelligence {unknown}
 t - a +4 amulet of reflection {unknown}
Wands
 k - a wand of enslavement (7)
 p - a wand of polymorph (18)
Scrolls
 g - 3 scrolls of enchant weapon {unknown}
 h - 3 scrolls of blinking {unknown}
 j - a scroll of random uselessness {unknown}
 l - 2 scrolls of identify {unknown}
 o - a scroll of noise {unknown}
 q - 4 scrolls of remove curse {unknown}
 x - a scroll of teleportation {unknown}
Potions
 i - a potion of haste {unknown}
 m - a potion of lignification {unknown}
 n - a potion of cancellation {unknown}
Comestibles
 f - 9 rations


   Skills:
 - Level 2.4 Fighting
 + Level 6.5 Maces & Flails
 - Level 2.4 Dodging
 - Level 2.4 Shields


You had 5 spell levels left.
You didn't know any spells.

Dungeon Overview and Level Annotations

Branches:
Dungeon (3/15)

Altars:


Innate Abilities, Weirdness & Mutations

You are too large for most types of armour.
You have claws for hands.
Your metabolism is lightning-fast.
You like to eat raw meat.
Your natural rate of healing is unusually fast.
You are covered in fur. (AC +1)
You have very tough skin. (AC +2)


Message History

a club; a spear Drop what? 24/52 slots (_ for help) (? for menu, Esc to quit)
Okay, then.
The ogre hits you with a giant club!
You completely miss the ogre. The ogre hits you with a giant club.
All of the chunks of flesh in your inventory have rotted away.
You sock the ogre!
The ogre is moderately wounded.
The ogre closely misses you.
You barely miss the ogre.
The ogre is moderately wounded.
The ogre hits you with a giant club!!
* * * LOW HITPOINT WARNING * * *
You sock the ogre!
The ogre is severely wounded.
The ogre barely misses you.
You barely miss the ogre.
The ogre is severely wounded.
The ogre hits you with a giant club!!
You die...

.....................
≈≈≈≈≈≈≈≈≈≈≈....≈≈≈≈≈≈
≈≈≈≈≈≈≈≈≈≈≈.)..≈≈≈≈≈≈
≈≈≈≈≈≈≈≈≈≈≈....≈≈≈≈≈≈
.....................
.........)....>##############
####.......)................#
#.....##.############..#.#
##........)..@O.....#..#.#
#...##..##########.#<.#.#
#...#..............#.##.#
#...#...#########..#.##.#
######..........)...........#
........#..)######..#..#.####
#######.#..........).......#
.#
#.....#######......#.######
.#
#...........#..............


You could see an ogre.

Vanquished Creatures
  The ghost of shakethe the Cudgeler, a weakling TrFi (D:3)
  A bullfrog skeleton (D:3)
  2 gnoll shamans (D:3)
  12 gnolls (D:3)
  5 adders
  5 worms
  3 dart slugs
  7 orcs (D:3)
  3 bats
  3 giant cockroaches (D:2)
  5 goblins
  12 hobgoblins
  13 jackals
  4 kobolds
  7 frilled lizards
  13 rats
96 creatures vanquished.

Vanquished Creatures (collateral kills)
  A giant cockroach (D:3)
  A hobgoblin (D:3)
  2 jackals (D:3)
4 creatures vanquished.

Grand Total: 100 creatures vanquished

Notes
Turn   | Place    | Note
-------+----------+-------------------------------------------
     0 | D:1      | shakethe the Troll Fighter began the quest for the Orb.
     0 | D:1      | Reached XP level 1. HP: 22/22 MP: 0/0
    86 | D:1      | Reached skill level 2 in Maces & Flails
   312 | D:1      | Reached XP level 2. HP: 29/29 MP: 1/1
   526 | D:1      | Reached skill level 3 in Maces & Flails
   952 | D:2      | Reached XP level 3. HP: 36/36 MP: 2/2
  1251 | D:2      | Reached XP level 4. HP: 41/44 MP: 3/3
  1366 | D:2      | Reached skill level 4 in Maces & Flails
  2173 | D:3      | Noticed shakethe's ghost (weakling TrFi)
  2227 | D:3      | Killed shakethe's ghost
  2227 | D:3      | Reached skill level 5 in Maces & Flails
  2227 | D:3      | Reached XP level 5. HP: 40/50 MP: 4/4
  2698 | D:3      | Reached XP level 6. HP: 59/59 MP: 5/5
  2741 | D:3      | Reached skill level 6 in Maces & Flails
  2962 | D:3      | Mangled by an ogre

Skill      XL: |  1  2  3  4  5  6 |
---------------+-------------------+-----
Maces & Flails | 2 3 5 6 |  6.5
Fighting       | |  2.4
Dodging        | |  2.4
Shields        | |  2.4

Action                   |  1- 3 |  4- 6 || total
-------------------------+-------+-------++-------
Melee: Flail             |   151 |    72 ||   223
       Morningstar       |       |    98 ||    98
Evoke: Wand              |       |     1 ||     1
  Use: Potion            |       |     1 ||     1
  Eat: Chunk             |    18 |    14 ||    32
Armor: Robe              |    95 |    43 ||   138
Dodge: Dodged            |    93 |    85 ||   178
Block: Shield            |    36 |       ||    36
